AoeStats
← BuffDuck

MegaRandom

509419407Analyzed
3v3 RM · 6d ago on Sep 26, 2026· 43m 5s· 6 players
Game mode
Random Map
Map size
Normal (6 player)
Population
200
Speed
Normal
Resources
Standard
Victory
Conquest
Starting age
Dark Age
Ending age
Imperial Age
RankedLock teamsTeams togetherTeam positionsShared explorationLock speedFull tech treeHidden civsTurbo modeCheats
Victory
Defeat
🇺🇸 Tatars · United States
1345
+14
🇧🇷 Spanish · Brazil
1252
+18
🇹🇼 Maya · Taiwan
1239
+19
🇧🇪 Malay · Belgium
1338
-18
🇧🇪 Magyars · Belgium
1290
-17
🇳🇱 Saxons · Netherlands
1276
-16
BenBouten4
7:40 Loom
10:01 Feudal Age
18:15 Castle Age
17:50 Fletching
24:24 Horse Collar
27:11 Scale Mail Armor
28:48 Chain Mail Armor
29:49 Forging
33:15 Town Watch
34:06 Wheelbarrow
33:21 Double-Bit Axe
41:09 Imperial Age
tano
8:48 Loom
12:41 Feudal Age
14:17 Wheelbarrow
13:39 Double-Bit Axe
16:20 Fishing Lines
20:14 Castle Age
19:06 Scale Barding Armor
20:55 Bloodlines
32:12 Fletching
34:04 Chain Barding Armor
34:38 Corvinian Army
43:11 Hand Cart
Professor Chaos
1:50 Loom
13:20 Feudal Age
12:58 Double-Bit Axe
13:53 Wheelbarrow
13:32 Town Watch
14:55 Horse Collar
23:41 Castle Age
22:50 Pikeman
24:51 Fletching
31:31 Bodkin Arrow
37:40 Imperial Age
BuffDuck
7:38 Loom
10:19 Feudal Age
10:46 Double-Bit Axe
13:55 Town Watch
15:20 Fletching
18:42 Gold Mining
22:43 Castle Age
20:55 Padded Archer Armor
22:14 Bloodlines
23:00 Scale Barding Armor
23:20 Bodkin Arrow
22:46 Crossbowman
27:07 Horse Collar
35:12 Heavy Plow
36:41 Wheelbarrow
36:25 Bow Saw
39:14 Hand Cart
39:55 Town Patrol
42:44 Ballistics
45:22 Imperial Age
43:16 Stone Mining
洗勒烤喔
5:28 Loom
12:06 Feudal Age
22:25 Castle Age
20:51 Fletching
21:11 Horse Collar
22:04 Double-Bit Axe
22:31 Crossbowman
26:57 Bodkin Arrow
28:55 Wheelbarrow
28:08 Town Watch
31:52 Padded Archer Armor
32:47 Hand Cart
33:03 Ballistics
39:04 Imperial Age
38:03 Thumb Ring
38:19 Leather Archer Armor
38:33 Thumb Ring
39:36 Medium Warships
40:16 Gold Mining
41:04 Conscription
41:16 Holcans
40:09 Elite Plumed Archer
41:11 Forging
41:02 Scale Mail Armor
41:13 Eagle Warrior
41:54 Squires
42:12 Heavy Plow
43:00 Murder Holes
HAHA
2:14 Loom
12:22 Feudal Age
13:34 Double-Bit Axe
19:31 Castle Age
19:33 Stone Mining
21:04 Scale Barding Armor
21:10 Forging
23:22 Bloodlines
29:00 Padded Archer Armor
28:51 Fletching
29:05 Husbandry
32:37 Stone Shaft Mining
32:26 Town Watch
34:13 Bodkin Arrow
37:42 Imperial Age
38:59 Bracer
39:57 Cavalier
42:19 Chain Barding Armor
42:35 Iron Casting
41:22 Light Cavalry
Connection lost

Rejoining the realm…

Still unreachable

The connection could not be restored.

Session expired

The server has moved on; the page needs a fresh start.